 Dungeon Crawl Stone Soup version 0.22.1-1-ga44c0e5 (webtiles) character file.

12586 Lauz the Fencer (level 11, 0/142 HPs)
             Began as a Minotaur Berserker on Oct 29, 2018.
             Was a High Priest of Trog.
             Slain by a yak (8 damage)
             ... on level 10 of the Dungeon on Oct 30, 2018.
             The game lasted 00:38:32 (12973 turns).

Lauz the Fencer (Minotaur Berserker)               Turns: 12973, Time: 00:38:34

Health: 0/142      AC:  6    Str: 30    XL:     11   Next: 64%
Magic:  0/3        EV: 12    Int:  4    God:    Trog [*****.]
Gold:   715        SH:  0    Dex: 10    Spells: 10/10 levels left

rFire    . . .     SeeInvis .   F - +2 great sword (antimagic)
rCold    . . .     Gourm    .   (shield currently unavailable)
rNeg     . . .     Faith    .   r - +1 leather armour {rPois}
rPois    +         Spirit   +   (helmet restricted)
rElec    .         Reflect  .   t - +0 cloak
rCorr    .         Harm     .   (no gloves)
MR       .....                  (no boots)
Stlth    ..........             z - amulet of guardian spirit
HPRegen  0.33/turn              (no ring)
MPRegen  0.08/turn              (no ring)

@: berserking, studying Axes, very quick
A: retaliatory headbutt, horns 2
a: Berserk, Trog's Hand, Brothers in Arms, Renounce Religion


You were on level 10 of the Dungeon.
You worshipped Trog.
Trog was extremely pleased with you.
You were near starving.

You visited 1 branch of the dungeon, and saw 12 of its levels.

You collected 715 gold pieces.

Inventory:

Hand Weapons
 a - a +1 scimitar of flaming
 s - a +3 falchion of slicing
 B - a +3 great sword
 F - a +2 antimagic great sword (weapon)
 K - a +0 great sword of holy wrath
 N - a +0 long sword
Missiles
 v - 3 tomahawks of returning (quivered)
Armour
 b - a +0 animal skin
 r - a +1 leather armour of poison resistance (worn)
 t - a +0 cloak (worn)
 J - a +0 plate armour
Jewellery
 z - an amulet of guardian spirit (around neck)
 G - an uncursed amulet of the acrobat {unknown}
 M - a cursed -2 ring of dexterity {unknown}
Wands
 y - a wand of random effects (30)
 A - a wand of clouds (4)
 E - a wand of iceblast (6)
 H - a wand of acid (8)
Scrolls
 d - 2 scrolls of fear {unknown}
 e - 5 scrolls of teleportation
 g - 4 scrolls of remove curse
 i - 6 scrolls of identify
 j - a scroll of immolation {unknown}
 k - a scroll of magic mapping
 m - a scroll of blinking {unknown}
 o - a scroll of enchant weapon
 p - a scroll of amnesia {unknown}
 q - 2 scrolls of noise {unknown}
 u - a scroll of vulnerability {unknown}
 w - 5 scrolls of fog
 L - a scroll of enchant armour {unknown}
Potions
 f - 2 potions of magic
 h - 2 potions of curing
 l - 2 potions of flight
 n - 3 potions of haste {unknown}
 x - 3 potions of heal wounds
 D - a potion of invisibility {unknown}
Books
 I - a manual of Axes
Miscellaneous
 C - a lightning rod (4/4)
Comestibles
 c - 4 rations


   Skills:
 + Level 8.7 Fighting
 + Level 18.5 Long Blades
 + Level 1.0 Throwing
 + Level 6.4 Armour
 - Level 2.1 Dodging
 + Level 1.1 Evocations


You had 10 spell levels left.
You didn't know any spells.
Your spell library was empty.

Dungeon Overview and Level Annotations

Branches:
Dungeon (12/15)            Temple (0/1) D:6            Lair (0/6) D:8
    Orc: D:9-12

Altars:
Ashenzari
Dithmenos
Hepliaklqana
Kikubaaqudgha
Okawaru
Ru
Sif Muna
Trog
Uskayaw
Vehumet

Shops:
D:4 *   D:6 =

Annotations:
D:10 exclusion: orange crystal statue


Innate Abilities, Weirdness & Mutations

You reflexively headbutt those who attack you in melee.
You have a pair of horns on your head.


Message History

You kill the adder!
Trog accepts your kill. The yak gores you! The yak barely misses you.
The yak gores you!
You hit the yak but do no damage.
The yak is severely wounded.
The yak gores you but does no damage. The yak gores you! The yak gores you.
You hit the yak.
The yak is severely wounded.
The yak gores you!
* * * LOW HITPOINT WARNING * * *
The yak gores you!
* * * LOW HITPOINT WARNING * * *
The yak barely misses you. You furiously retaliate!
You headbutt the yak.
A red film seems to cover your vision as you go berserk!
You feel yourself moving faster!
You feel mighty!
You are near starving!
The yak gores you!
* * * LOW HITPOINT WARNING * * *
The yak gores you!
You die...

#.#.......##........
#........###.###.###
#............#......
#........#####.#.###
##.#.....## #.#.#
##...#.[.## #.#.#
#.....#.## #.#.#
#....YY..### #.#.###
#...†@Y....#####.#.##.
##....#..#..........#.
###.##..#.#####.#....
#..#.....# #.......#
##.#...#.# #..#.....
#.....#.###..#.....
#............#...#.
###..##.###.####.#.
#..##.###........


You could see 3 yaks.

Vanquished Creatures
  Harold (D:7)
  The ghost of HoaS the Fighter, a journeyman GrBe of Trog (D:10)
  Erica (D:8)
  Pikel (D:5)
  A deep elf mage (D:11)
  2 centaur zombies
  Joseph (D:7)
  Psyche (D:8)
  A gargoyle (D:10)
  2 trolls (D:9)
  A hornet (D:9)
  3 hippogriffs
  7 yaks
  Grum (D:8)
  A wyvern (D:10)
  A human (D:8)
  A soldier ant (D:10)
  An ice beast (D:6)
  A slave (D:5)
  2 orc warriors
  5 sky beasts
  8 ogres
  2 black bears
  A phantom (D:6)
  4 wolves (D:8)
  4 centaurs
  4 bullfrogs
  4 scorpions
  5 wights (D:9)
  8 killer bees
  2 vampire bats (D:4)
  4 howler monkeys
  4 crimson imps
  10 hounds
  7 jellies
  7 orc priests
  8 orc wizards
  A gnoll shaman (D:7)
  A centaur skeleton (D:7)
  Terence (D:3)
  4 iguanas
  Natasha (thrice) (D:3)
  8 worker ants
  A hound zombie (D:7)
  A hound skeleton (D:10)
  12 gnolls
  15 adders
  2 shadow imps
  4 oozes
  An adder zombie (D:7)
  3 adder skeletons
  4 worms
  4 dart slugs
  8 leopard geckos
  30 orcs
  13 bats
  6 giant cockroaches
  7 goblins
  6 hobgoblins
  8 jackals
  6 quokkas
  A ball python (D:6)
  8 frilled lizards
  A giant cockroach zombie (D:5)
  9 kobolds
  10 rats
296 creatures vanquished.

Notes
Turn   | Place    | Note
-------+----------+-------------------------------------------
     0 | D:1      | Lauz the Minotaur Berserker began the quest for the Orb.
     0 | D:1      | Reached XP level 1. HP: 19/19 MP: 0/0
   109 | D:1      | Reached skill level 4 in Long Blades
   127 | D:1      | Reached XP level 2. HP: 21/26 MP: 1/1
   457 | D:1      | Reached skill level 5 in Long Blades
   505 | D:1      | Reached ** piety under Trog
   587 | D:1      | Reached XP level 3. HP: 31/31 MP: 2/2
  1125 | D:2      | Found a faded altar of an unknown god.
  1230 | D:2      | Found an iron altar of Okawaru.
  1608 | D:2      | Reached XP level 4. HP: 39/39 MP: 3/3
  1690 | D:3      | Reached skill level 6 in Long Blades
  1697 | D:3      | Noticed a moth of wrath
  1699 | D:3      | Found a bloodstained altar of Trog.
  1805 | D:3      | Noticed an orc warrior
  1816 | D:3      | Killed an orc warrior
  1816 | D:3      | Reached skill level 7 in Long Blades
  1816 | D:3      | Reached XP level 5. HP: 13/45 MP: 4/4
  2187 | D:3      | Noticed Terence
  2233 | D:3      | Reached skill level 8 in Long Blades
  2237 | D:3      | Reached *** piety under Trog
  2570 | D:3      | Noticed Natasha
  2582 | D:3      | Killed Natasha
  2582 | D:3      | Reached XP level 6. HP: 19/51 MP: 5/5
  2593 | D:3      | Killed Terence
  2763 | D:3      | Noticed Natasha
  2768 | D:3      | Killed Natasha
  3113 | D:3      | Noticed Natasha
  3148 | D:3      | Killed Natasha
  3280 | D:3      | Reached skill level 9 in Long Blades
  3675 | D:4      | Reached XP level 7. HP: 30/57 MP: 6/6
  3892 | D:4      | Reached skill level 10 in Long Blades
  4192 | D:4      | Found Uceapuc's General Store.
  4332 | D:4      | Found an ancient bone altar of Kikubaaqudgha.
  4424 | D:4      | Reached **** piety under Trog
  4557 | D:5      | Entered Level 5 of the Dungeon
  4567 | D:5      | Found a deep blue altar of Sif Muna.
  4601 | D:5      | Reached skill level 11 in Long Blades
  4826 | D:5      | Reached XP level 8. HP: 38/64 MP: 7/7
  5217 | D:5      | Reached skill level 12 in Long Blades
  5251 | D:5      | Found a shadowy altar of Dithmenos.
  5268 | D:5      | Found a sacrificial altar of Ru.
  5401 | D:5      | Found a hide-covered altar of Uskayaw.
  5638 | D:5      | Noticed Pikel
  5670 | D:5      | Killed Pikel
  5670 | D:5      | Reached skill level 13 in Long Blades
  5670 | D:5      | Reached XP level 9. HP: 65/70 MP: 8/8
  6027 | D:6      | Reached ***** piety under Trog
  6027 | D:6      | Reached skill level 14 in Long Blades
  6515 | D:6      | Found Ostruoch's Jewellery Emporium.
  6712 | D:6      | Found a staircase to the Ecumenical Temple.
  6882 | D:7      | Reached skill level 15 in Long Blades
  6898 | D:7      | Noticed Harold
  6899 | D:7      | Found a shattered altar of Ashenzari.
  6911 | D:7      | Killed Harold
  6911 | D:7      | Reached skill level 16 in Long Blades
  6918 | D:7      | HP: 3/70 [poisoned by Harold]
  6919 | D:7      | HP: 1/70 [poisoned by Harold]
  7163 | D:7      | Noticed Joseph
  7180 | D:7      | Killed Joseph
  7180 | D:7      | Reached XP level 10. HP: 38/78 MP: 4/9
  7327 | D:7      | Found a hazy altar of Hepliaklqana.
  8032 | D:7      | Found a radiant altar of Vehumet.
  8686 | D:8      | Found a staircase to the Lair.
  8730 | D:8      | Noticed Psyche
  8742 | D:8      | Killed Psyche
  8790 | D:8      | Noticed Erica
  8791 | D:8      | Noticed Grum
  8806 | D:8      | Killed Erica
  8806 | D:8      | Reached skill level 5 in Fighting
  8806 | D:8      | Reached skill level 17 in Long Blades
  8818 | D:8      | Killed Grum
  9659 | D:9      | Reached skill level 5 in Armour
  9919 | D:9      | Received a gift from Trog
  9931 | D:9      | Reached skill level 1 in Evocations
 10079 | D:9      | Reached XP level 11. HP: 51/91 MP: 6/10
 11266 | D:10     | Entered Level 10 of the Dungeon
 11266 | D:10     | Found a runed door.
 11267 | D:10     | Noticed HoaS's ghost (journeyman GrBe)
 11292 | D:10     | Killed HoaS's ghost
 11485 | D:10     | Reached skill level 1 in Throwing
 11604 | D:10     | Noticed an orange crystal statue
 11940 | D:10     | Reached skill level 18 in Long Blades
 12198 | D:11     | Noticed a deep elf mage
 12327 | D:11     | Killed a deep elf mage
 12516 | D:10     | Reached ****** piety under Trog
 12973 | D:10     | Slain by a yak

Skill      XL: |  1  2  3  4  5  6  7  8  9 10 11 |
---------------+----------------------------------+-----
Long Blades    | 4 5 7 8 9 11 13 16 17 18 | 18.5
Fighting       | 6 8 |  8.7
Armour         | 5 6 |  6.4
Evocations     | 1 |  1.1
Throwing       | 1 |  1.0
Dodging        | |  2.1

Action                   |  1- 3 |  4- 6 |  7- 9 | 10-12 || total
-------------------------+-------+-------+-------+-------++-------
Melee: Falchion          |    70 |   121 |   232 |   122 ||   545
       Headbutt          |    10 |    33 |    46 |    81 ||   170
       Scimitar          |       |       |       |    80 ||    80
       Great sword       |       |       |       |   164 ||   164
Throw: Tomahawk          |       |       |       |     4 ||     4
Invok: Berserk           |       |     3 |     3 |     4 ||    10
Evoke: Wand              |       |       |       |     4 ||     4
  Use: Potion            |       |       |     5 |       ||     5
       Scroll            |       |       |       |     8 ||     8
 Stab: Sleeping          |     1 |       |       |       ||     1
  Eat: Chunk             |     1 |     7 |    10 |    14 ||    32
       Ration            |       |     1 |     1 |     2 ||     4
Armor: Animal skin       |     7 |     8 |       |       ||    15
       Leather armour    |       |     1 |    50 |    56 ||   107
Dodge: Dodged            |    50 |    55 |   105 |   178 ||   388
       Rpst.: Falchion   |    11 |    13 |    21 |    12 ||    57
       Scimitar          |       |       |       |     7 ||     7
       Great sword       |       |       |       |    19 ||    19
